 Dungeon Crawl Stone Soup version 0.31-a0-960-g0fca184906 (webtiles) character file.

Game seed: 15904459341324022306

290 SkeletonJelly the Poker (level 6, 0/51 HPs)
             Began as a Merfolk Fighter on Oct 24, 2023.
             Was an Initiate of Okawaru.
             Slain by Grinder (6 damage)
             ... on level 4 of the Dungeon.
             The game lasted 00:05:37 (3094 turns).

SkeletonJelly the Poker (Merfolk Fighter)           Turns: 3094, Time: 00:05:38

Health: 0/51       AC:  8    Str: 19    XL:     6   Next: 32%
Magic:  7/7        EV: 10    Int:  9    God:    Okawaru [......]
Gold:   229        SH:  4    Dex: 13    Spells: 5/5 levels left

rFire   . . .        a - +0 trident
rCold   . . .        c - +0 buckler
rNeg    . . .        l - +3 ring mail "Zaps" {rPois Int+2}
rPois   +            (no helmet)
rElec   .            (no cloak)
rCorr   .            (no gloves)
SInv    .            (no boots)
Will    .....        (no amulet)
Stlth   +            (no ring)
HPRegen 0.28/turn    (no ring)
MPRegen 0.10/turn

%: no passive effects
@: mighty, weakened
A: (nimble swimmer 2), mertail
a: Renounce Religion


You were on level 4 of the Dungeon.
You worshipped Okawaru.
Okawaru was noncommittal.
You visited 1 branch of the dungeon, and saw 4 of its levels.

You collected 229 gold pieces.

Inventory:

Hand Weapons
 a - a +0 trident (weapon)
Missiles
 t - 2 javelins
Armour
 b - a +0 scale mail
 c - a +0 buckler (worn)
 l - the +3 ring mail "Zaps" (worn) {rPois Int+2}
   (You found it on level 2 of the Dungeon)

   Int+2:     It affects your intelligence (+2).
   rPois:     It protects you from poison
Talismans
 j - a flux talisman
Wands
 q - a wand of mindburst (8) (quivered)
Scrolls
 g - 3 scrolls of identify {unknown}
 h - a scroll of enchant weapon {unknown}
 i - a scroll of torment {unknown}
 m - 3 scrolls of revelation {unknown}
 n - a scroll of poison {unknown}
 o - a scroll of acquirement {unknown}
 r - a scroll of butterflies {unknown}
 s - 2 scrolls of vulnerability {unknown}
Potions
 d - a potion of might
 e - 3 potions of curing {unknown}
 f - a potion of lignification {unknown}
 k - 2 potions of enlightenment {unknown}
 p - a potion of degeneration {unknown}


   Skills:
 + Level 5.5 Fighting
 + Level 5.8 Polearms
 - Level 2.1 Armour
 - Level 3.0 Shields
 + Level 2.3 Invocations


You had 5 spell levels left.
You didn't know any spells.
Your spell library was empty.

Dungeon Overview and Level Annotations

Branches:
Dungeon (4/15)
 Temple: D:4-7

Altars:
Ashenzari
Dithmenos
Kikubaaqudgha
Okawaru

Annotations:
D:4 Grinder


Innate Abilities, Weirdness & Mutations

((You are very nimble when in or above water. (Stealth+, EV+, Speed+++)))
Your lower body shifts to a powerful aquatic tail in water.


Message History

Found a stone staircase leading down.
The gnoll bouda gazes fiercely through you!
You feel your attacks grow feeble.
Found a stone staircase leading up.
The gnoll attacks as it pursues you!
The gnoll hits you with a +0 vampiric whip. x2
You take 10 damage, and have 32/51 hp.
A gnoll comes into view. It is wielding a +0 halberd.
The gnoll misses you. The gnoll attacks as it pursues you!
The gnoll hits you with a +0 vampiric whip.
You take 2 damage, and have 30/51 hp.
You block the gnoll's attack.
Your attacks no longer feel as feeble.
Okay, then.
You feel very mighty all of a sudden.
The gnoll bouda barks out a call to the hunt!
The gnoll hits you but does no damage.
The gnoll hits you from afar with a +0 spear.
A gnoll comes into view. It is wielding a +0 spear.
You take 3 damage, and have 28/51 hp.
You puncture the gnoll!
The gnoll is severely wounded.
The gnoll bouda gazes fiercely through you!
You feel your attacks grow feeble.
The gnoll hits you with a +0 vampiric whip.
The gnoll draws strength from your wounds!
The gnoll barely misses you.
You take 1 damage, and have 27/51 hp.
You closely miss the gnoll.
The gnoll is severely wounded.
The gnoll bouda gazes fiercely through you!
You feel as though you will be weak longer.
The gnoll closely misses you.
You hit the gnoll.
You kill the gnoll!
Okawaru accepts your kill.
Grinder blinks!
Reach: a) +0 trident
Press: ? - help, Dir - move target, f - gnoll bouda
Aim: a gnoll bouda, wielding a +0 whip and wearing a +0 robe (about 36% to evade your +0 trident)
You reach to attack!
You puncture the gnoll bouda!
The gnoll bouda is severely wounded.
The gnoll closely misses you.
Reach: a) +0 trident
Press: ? - help, Dir - move target, f/p - gnoll bouda
Aim: a gnoll bouda, wielding a +0 whip and wearing a +0 robe (severely wounded, about 36% to evade your +0 trident)
You barely miss the gnoll bouda.
The gnoll bouda is severely wounded.
The gnoll bouda closely misses you. The gnoll closely misses you.
The gnoll bouda hits you with a +0 whip.
You take 2 damage, and have 26/51 hp.
Reach: a) +0 trident
Press: ? - help, Dir - move target, f/p - gnoll bouda
Aim: a gnoll bouda, wielding a +0 whip and wearing a +0 robe (severely wounded, about 36% to evade your +0 trident)
You barely miss the gnoll bouda.
The gnoll bouda is severely wounded.
The gnoll hits you from afar with a +0 spear.
You block the gnoll bouda's attack.
You take 3 damage, and have 23/51 hp.
Reach: a) +0 trident
Press: ? - help, Dir - move target, f/p - gnoll bouda
Aim: a gnoll bouda, wielding a +0 whip and wearing a +0 robe (severely wounded, about 36% to evade your +0 trident)
You hit the gnoll bouda.
The gnoll bouda is almost dead.
The gnoll completely misses you.
The gnoll bouda gazes fiercely through you!
You feel as though you will be weak longer.
The gnoll bouda hits you with a +0 whip.
You take 3 damage, and have 20/51 hp.
You closely miss the gnoll bouda.
The gnoll bouda is almost dead.
The gnoll hits you from afar with a +0 spear.
The gnoll bouda hits you with a +0 whip.
* * * LOW HITPOINT WARNING * * *
You take 9 damage, and have 11/51 hp.
You puncture the gnoll bouda!
You kill the gnoll bouda!
Okawaru accepts your kill.
The gnoll is no longer moving quickly. x2
The gnoll hits you from afar with a +0 spear.
* * * LOW HITPOINT WARNING * * *
You take 1 damage, and have 10/51 hp.
Aiming: Mindburst
Press: ? - help, Shift-Dir - straight line, f - Grinder
Aim: Grinder (chance to affect: 64%) Grinder struggles to resist.
Aiming: Mindburst
Press: ? - help, Shift-Dir - straight line, f/p - Grinder
Aim: Grinder (chance to affect: 64%) Grinder struggles to resist.
Aiming: Mindburst
Press: ? - help, Shift-Dir - straight line, f/p - Grinder
Aim: Grinder (chance to affect: 64%) Grinder's mind is blasted!
You closely miss Grinder.
Grinder is heavily wounded.
Grinder hits you.
* * * LOW HITPOINT WARNING * * *
You writhe in agony.
You die...
Grinder says, "Now the real fun starts!"

#### ##.##.#######.
...###...#.........
## .......#....#.....
..< ..
##.###...##)#.####
#># ... #.#
##.###.#.# ......##
#.# #.# #.#.# #.#....
#.# #.# #.#.# #.##.##
## ##.# #.#
#.#.#######.#...###..
...# #.#
#.....@5gg.g......#.#
#..####.#
###.#######.#..###..#
........# #...#
#....###..##
#..###### #.#.#
####5$.....## #..#
#...# #..g..#([. #..#
##.## ##§.....# #..#
#.# ##.##.##
#..##########.#
####.##.#
#..##.....P#.†#
###.......#


You could see Grinder and 3 gnolls.

Vanquished Creatures
  A scorpion (D:3)
  A gnoll bouda (D:4)
  2 iguanas (D:4)
  A gnoll (D:4)
  3 adders
  2 worms (D:3)
  6 dart slugs
  5 orcs (D:3)
  3 bats
  9 endoplasms
  3 giant cockroaches
  3 goblins
  9 hobgoblins
  11 jackals
  9 kobolds
  2 quokkas
  6 ball pythons
  A frilled lizard (D:1)
  9 rats
86 creatures vanquished.

Notes
Turn   | Place    | Note
-------+----------+-------------------------------------------
     0 | D:1      | SkeletonJelly the Merfolk Fighter began the quest for the
                  | Orb.
     0 | D:1      | Reached XP level 1. HP: 18/18 MP: 1/1
   142 | D:1      | Reached XP level 2. HP: 21/24 MP: 2/2
   583 | D:1      | Reached XP level 3. HP: 27/30 MP: 3/3
   885 | D:2      | Identified the +3 ring mail "Zaps" {rPois Int+2}
   960 | D:2      | Reached XP level 4. HP: 26/38 MP: 4/4
  1850 | D:3      | Found a broken altar of Ashenzari.
  1851 | D:3      | Found a shadowy altar of Dithmenos.
  1872 | D:3      | Found an iron altar of Okawaru.
  1908 | D:3      | Found a faded altar of an unknown god.
  1909 | D:3      | Became a worshipper of Warmaster Okawaru
  1935 | D:3      | Noticed a scorpion
  1945 | D:3      | Killed a scorpion
  1946 | D:3      | Reached skill level 5 in Fighting
  1946 | D:3      | Reached skill level 5 in Polearms
  1946 | D:3      | Reached skill level 1 in Invocations
  1946 | D:3      | Reached XP level 5. HP: 40/44 MP: 5/5
  2451 | D:4      | Found an ancient bone altar of Kikubaaqudgha.
  2624 | D:4      | Reached XP level 6. HP: 29/51 MP: 7/7
  3065 | D:4      | Noticed Grinder
  3094 | D:4      | Slain by Grinder

Illustrated notes

Levels and vault maps discovered:
D:1:      saegor_arrival_fortress, layout_basic, minmay_misc_feat_doors
D:2:      layout_basic, item_on_display_a
D:3:      layout_rooms, chequers_temple_overflow_statue_of_worship,
          hellmonk_ecumenical_altar_dog_temple, chequers_jeans
D:4:      layout_loops_ring, kiku_gazebo_garden_becter, serial_bayou_lagoon_b,
          uniq_grinder

Skill      XL: |  1  2  3  4  5 |
---------------+----------------+-----
Polearms       | 3 4 5 |  5.8
Fighting       | 4 5 |  5.5
Invocations    | 1 2 |  2.3
Armour         | |  2.1
Shields        | |  3.0

Action                     |  1- 3 |  4- 6 || total
---------------------------+-------+-------++-------
  Melee: Trident           |    83 |   199 ||   282
         Tailslap          |     1 |       ||     1
  Evoke: Wand              |       |     3 ||     3
    Use: Potion            |       |     1 ||     1
 Armour: Scale mail        |    29 |       ||    29
         Ring mail         |    24 |   109 ||   133
  Dodge: Dodged            |    36 |    88 ||   124
  Block: Buckler           |    17 |    54 ||    71

Table legend: (Time is in decaauts)
 A = Elapsed time spent in this place.
 B = Non-inter-level travel time spent in this place.
 C = Inter-level travel time spent in this place.
 D = Time resting spent in this place.
 E = Time spent auto-exploring this place.
 F = Levels seen in this place.
 G = Mean time per level.
                   A        B        C        D        E       F      G
               +--------+--------+--------+--------+--------+-----+--------+
         Total |   3080 |   2959 |    121 |      0 |   2400 |   4 |  770.0 |
       Dungeon |   3080 |   2959 |    121 |      0 |   2400 |   4 |  770.0 |
               +--------+--------+--------+--------+--------+-----+--------+

Top non-repeatable levels by time:
     D:2: 1078 daAuts
     D:1: 751 daAuts
     D:4: 630 daAuts
     D:3: 620 daAuts
